 Dungeon Crawl Stone Soup version 0.27-a0-1006-g1fd4cec11e (webtiles) character file.

Game seed: 8191596827810332236

25 1player the Ducker (level 2, 10/14 HPs)
             Began as a Felid Monk on Apr 17, 2021.
             Was a Plaything of Xom.
             Quit the game on level 1 of the Dungeon.
             The game lasted 00:05:30 (1968 turns).

1player the Ducker (Felid Monk)                     Turns: 1968, Time: 00:05:30

Health: 10/14      AC:  1    Str:  7    XL:     2   Next: 86%
Magic:  2/3        EV: 19    Int: 11    God:    Xom [..*...]
Gold:   21         SH:  0    Dex: 18    Spells: 0/1 levels left
                                        Lives:  0   Deaths: 0

rFire    . . .     SeeInvis +     - Unarmed
rCold    . . .     Faith    .   (shield unavailable)
rNeg     . . .     Spirit   .   (armour unavailable)
rPois    .         Reflect  .   (helmet unavailable)
rElec    .         Harm     .   (cloak unavailable)
rCorr    .         Rampage  .   (gloves unavailable)
Will     .....                  (boots unavailable)
Stlth    ++........             (no amulet)
HPRegen  0.04/turn              (no ring)
MPRegen  0.08/turn              (no ring)

@: quick
A: very small, claws 1, fangs 3, see invisible, speed 1, shaggy fur 1, stealthy
paws, no weapons or thrown items, no armour, multi-lived
a: Renounce Religion


You were on level 1 of the Dungeon.
You worshipped Xom.
You were a toy of Xom.
You visited 1 branch of the dungeon, and saw 1 of its levels.

You collected 21 gold pieces.

Inventory:

Scrolls
 c - a scroll of immolation {unknown}
Potions
 a - a potion of ambrosia {unknown}
 b - a potion of attraction {unknown}


   Skills:
 - Level 3.0 Fighting
 - Level 4.3 Dodging
 - Level 3.0 Stealth
 - Level 3.0 Unarmed Combat
 + Level 2.0 Necromancy


You couldn't memorise any spells.
You knew the following spells:

 Your Spells              Type           Power      Damage    Failure   Level
q - Pain                  Necr           16%        1d4       16%         1

Your spell library contained the following spells:

 Spells                   Type           Power      Damage    Failure   Level
 Stone Arrow              Conj/Erth      0%         3d7       71%         3
 Iron Shot                Conj/Erth      0%         9d1       100%        6
 Animate Armour           Summ/Erth      Unusable   N/A       N/A         4

Dungeon Overview and Level Annotations

Branches:
Dungeon (1/15)

Altars:
Xom


Innate Abilities, Weirdness & Mutations

You have sharp claws.
You have razor-sharp teeth.
You have supernaturally acute eyesight. (SInv)
You cover ground quickly. (Speed+)
You are covered in fur. (AC +1)
Your paws help you pounce on unaware monsters.
You are incapable of wielding weapons or throwing items.
You cannot wear armour.
You gain extra lives every three experience levels.


Message History

Xom accepts your prayer! Xom welcomes you!
Xom is fascinated!
You open the door.
There is an open door here.
There is an open door here.
You open the door.
There is an open door here.
A dart slug comes into view.
Found a fuming yellow potion.
Casting: Pain (safe; 16% risk of failure)
Confirm with . or Enter, or press ? or * to list all spells.
Aiming: Pain (safe; 16% risk of failure)
Press: ? - help, Shift-Dir - straight line, f - dart slug
Aim: a dart slug (chance to affect: 62%)
The dart slug writhes in agony.
The dart slug launches a dart at you. The slug dart hits you.
Casting: Pain (safe; 16% risk of failure)
Confirm with . or Enter, or press ? or * to list all spells.
Aiming: Pain (safe; 16% risk of failure)
Press: ? - help, Shift-Dir - straight line, f/p - dart slug
Aim: a dart slug (lightly wounded, chance to affect: 62%)
The dart slug resists with significant effort.
The dart slug launches a dart at you. The slug dart misses you.
You scratch the dart slug.
The dart slug is severely wounded.
The dart slug closely misses you.
You scratch the dart slug.
You kill the dart slug!
Your Necromancy skill increases to level 2!
You see here a dart slug corpse.
A frilled lizard comes into view.
You see here a dart slug corpse.
Casting: Pain (safe; 16% risk of failure)
Confirm with . or Enter, or press ? or * to list all spells.
You don't know that spell.
A frilled lizard is nearby!
Are you sure you want to abandon this character and quit the game? (Confirm with "yes".)

#.#...#......≈##'##♣
##########+#...#......≈≈#.##♣
#..............#......###.8#.
#..............#......#≈#.##.
#####..............#......#♣8.''.
................####......#≈#.##.
.!.....†..............###.###.8#.
......................# #.≈≈#.##♣
................@.....# #.≈##'##♣
#####.........).......# #.≈#8.8##
#...........####'####.≈#...##
#########..............##.≈#...'.
...######..............##.≈#...##
.###+...#............(.##.≈#..8#≈
##..#...#..............##.≈######
....#...#...............#.≈≈≈≈≈≈≈
...##...................#........


There were no monsters in sight!

Vanquished Creatures
  A dart slug (D:1)
  A bat zombie (D:1)
  3 endoplasms (D:1)
  A goblin (D:1)
  5 hobgoblins (D:1)
  4 jackals (D:1)
  A bat (D:1)
  2 kobolds (D:1)
  A quokka zombie (D:1)
19 creatures vanquished.

Notes
Turn   | Place    | Note
-------+----------+-------------------------------------------
     0 | D:1      | 1player the Felid Monk began the quest for the Orb.
     0 | D:1      | Reached XP level 1. HP: 10/10 MP: 2/2
   554 | D:1      | Identified Tiss's Disquisition on Dark Earth
  1002 | D:1      | Reached XP level 2. HP: 14/14 MP: 3/3
  1005 | D:1      | Reached skill level 1 in Necromancy
  1010 | D:1      | Learned a level 1 spell: Pain
  1900 | D:1      | Found a faded altar of an unknown god.
  1907 | D:1      | Became a worshipper of Xom of Chaos
  1968 | D:1      | Quit the game

Illustrated notes

Levels and vault maps discovered:
D:1:      saegor_arrival_fortress, layout_basic,
          hellmonk_ecumenical_altar_slurped_away, minivault_25,
          minmay_misc_feat_secret_circle, minmay_small_reverse_x

Skill      XL: |  1  2 |
---------------+-------+-----
Stealth        | 3 |  3.0
Necromancy     | 2 |  2.0
Fighting       | |  3.0
Dodging        | |  4.3
Unarmed Combat | |  3.0

Action                   || total
-------------------------++-------
Melee: Unarmed           ||    50
       Bite              ||     5
 Cast: Pain              ||    20
 Stab: Sleeping          ||     2
Armor: Skin              ||     2
Dodge: Dodged            ||    46

Table legend: (Time is in decaauts)
 A = Elapsed time spent in this place.
 B = Non-inter-level travel time spent in this place.
 C = Inter-level travel time spent in this place.
 D = Time resting spent in this place.
 E = Time spent auto-exploring this place.
 F = Levels seen in this place.
 G = Mean time per level.
                   A        B        C        D        E       F      G
               +--------+--------+--------+--------+--------+-----+--------+
         Total |   1775 |   1775 |      0 |    882 |    256 |   1 | 1775.0 |
       Dungeon |   1775 |   1775 |      0 |    882 |    256 |   1 | 1775.0 |
               +--------+--------+--------+--------+--------+-----+--------+

Top non-repeatable levels by time:
     D:1: 1775 daAuts
